 Dungeon Crawl Stone Soup version 0.22.1-2-g9c5b331 (webtiles) character file.

485 Matador8 the Slicer (level 7, -12/52 HPs)
             Began as a Merfolk Gladiator on Dec 17, 2018.
             Was a Follower of Uskayaw.
             Mangled by Pikel
             ... wielding a +2 whip of electrocution
              (19 damage)
             ... on level 4 of the Dungeon.
             The game lasted 00:28:05 (4075 turns).

Matador8 the Slicer (Merfolk Gladiator)             Turns: 4075, Time: 00:28:09

Health: -12/52     AC:  6    Str: 16    XL:     7   Next: 13%
Magic:  4/8        EV: 13    Int:  7    God:    Uskayaw [*.....]
Gold:   211        SH:  0    Dex: 16    Spells: 6/6 levels left

rFire    . . .     SeeInvis .   a - +0 dagger (venom)
rCold    . . .     Gourm    .   (no shield)
rNeg     . . .     Faith    .   k - +0 ring mail
rPois    .         Spirit   .   c - +0 helmet
rElec    .         Reflect  .   (no cloak)
rCorr    .         Harm     .   (no gloves)
MR       .....                  (no boots)
Stlth    ++........             (no amulet)
HPRegen  0.17/turn              (no ring)
MPRegen  0.11/turn              (no ring)

@: no status effects
A: change form in water, swift swim, stealthy swim
a: Stomp, Renounce Religion


You were on level 4 of the Dungeon.
You worshipped Uskayaw.
Uskayaw was noncommittal.
You were hungry.

You visited 2 branches of the dungeon, and saw 5 of its levels.

You collected 211 gold pieces.

Inventory:

Hand Weapons
 a - a +0 dagger of venom (weapon)
 b - a +0 rapier
 m - a +0 hunting sling
 v - a +2 vampiric short sword
Missiles
 d - 2 throwing nets (quivered)
 n - 214 stones
Armour
 c - a +0 helmet (worn)
 k - a +0 ring mail (worn)
 o - a +2 helmet
 t - a +0 leather armour
 y - a +0 scale mail
Jewellery
 l - an uncursed ring of positive energy {unknown}
 s - a +3 ring of protection {unknown}
 A - an uncursed ring of ice {unknown}
Wands
 B - a wand of acid (9)
Scrolls
 e - 5 scrolls of identify {unknown}
 j - 2 scrolls of remove curse {unknown}
 p - 2 scrolls of teleportation {unknown}
 r - 2 scrolls of immolation {unknown}
 w - 2 scrolls of fog {unknown}
 C - a scroll of magic mapping {unknown}
Potions
 g - a potion of mutation {unknown}
 h - 2 potions of heal wounds {unknown}
 i - a potion of degeneration {unknown}
 q - 2 potions of berserk rage {unknown}
 u - a potion of might {unknown}
 z - a potion of lignification {unknown}
Comestibles
 f - 8 rations
 x - 4 chunks of flesh


   Skills:
 - Level 3.3 Fighting
 + Level 8.3 Short Blades
 - Level 2.0 Throwing
 - Level 4.0 Dodging
 - Level 2.4 Stealth
 + Level 1.4 Invocations


You had 6 spell levels left.
You didn't know any spells.
Your spell library was empty.

Dungeon Overview and Level Annotations

Branches:
Dungeon (4/15)             Temple (1/1) D:4

Altars:
Ashenzari
Cheibriados
Dithmenos
Elyvilon
Fedhas
Gozag
Hepliaklqana
Kikubaaqudgha
Makhleb
Nemelex Xobeh
Okawaru
Qazlal
Sif Muna
Trog
Uskayaw
Yredelemnul
Zin
The Shining One

Annotations:
D:4 Pikel


Message History

Pikel is heavily wounded.
Pikel hits you with a whip of electrocution!
You are electrocuted!
* * * LOW HITPOINT WARNING * * *
You can now pass through a line of other dancers.
Okay, then.
You miss Pikel.
Pikel is heavily wounded.
Aiming: Line Pass
Press: ? - help, Dir - move target cursor, p - Pikel Pikel appears confused.
You are feeling hungry.
You can no longer pass through a line of other dancers.
You closely miss Pikel.
Pikel is heavily wounded.
Pikel seems less confused.
Pikel hits you with a whip of electrocution.
* * * LOW HITPOINT WARNING * * *
You are electrocuted!
You die...

######.#.....######## .
#.....### #......
#.#.....#### #.#####
##.#........# #.#....
#...........# #.#....
####.###+######.####.
#.#.....#..#.>.p..
#.#.⌠.⌠.##....###.
#@K..>..'...#...#.
###.⌠.⌠.#...#K#.#.
#.....##......#.
###'#####....p#.
#######.#...# #####.#.
.....)..#.#########.##
# #K...K.........##
#.#####.##.############
#.#.....<#.# #########


You could see Pikel.

Vanquished Creatures
  2 slaves
  A howler monkey (D:4)
  2 orc priests (D:3)
  2 orc wizards (D:3)
  3 worker ants (D:4)
  A hound skeleton (D:4)
  Robin (D:2)
  7 gnolls
  4 adders
  A shadow imp (D:2)
  3 oozes
  3 worms (D:2)
  3 dart slugs (D:2)
  A leopard gecko (D:1)
  10 orcs
  3 ball pythons
  4 giant cockroaches
  12 goblins
  8 hobgoblins
  10 jackals
  7 kobolds
  3 quokkas
  6 bats
  4 frilled lizards
  5 rats
106 creatures vanquished.

Notes
Turn   | Place    | Note
-------+----------+-------------------------------------------
     0 | D:1      | Matador8 the Merfolk Gladiator began the quest for the Orb.
     0 | D:1      | Reached XP level 1. HP: 16/16 MP: 1/1
    63 | D:1      | Reached skill level 4 in Short Blades
    84 | D:1      | Reached XP level 2. HP: 7/22 MP: 2/2
   767 | D:1      | Reached XP level 3. HP: 27/27 MP: 3/3
   823 | D:1      | Reached skill level 5 in Short Blades
  1239 | D:2      | Reached XP level 4. HP: 31/33 MP: 4/4
  1278 | D:2      | Reached skill level 1 in Stealth
  1282 | D:2      | Reached skill level 6 in Short Blades
  1358 | D:2      | Noticed Robin
  1658 | D:2      | Killed Robin
  1658 | D:2      | Reached XP level 5. HP: 32/38 MP: 5/5
  2251 | D:3      | Reached skill level 7 in Short Blades
  2402 | D:3      | Reached XP level 6. HP: 39/46 MP: 6/6
  3061 | D:4      | Found a staircase to the Ecumenical Temple.
  3067 | Temple   | Entered the Ecumenical Temple
  3209 | Temple   | Became a worshipper of Uskayaw the Reveler
  3252 | D:4      | Reached * piety under Uskayaw
  3341 | D:4      | Found an ancient bone altar of Kikubaaqudgha.
  3463 | D:4      | Reached skill level 8 in Short Blades
  3525 | D:4      | Noticed a slave
  3582 | D:4      | Killed a slave
  3661 | D:4      | Noticed a slave
  3661 | D:4      | Noticed a slave
  3661 | D:4      | Noticed Pikel
  3662 | D:4      | Noticed a slave
  3757 | D:3      | Killed a slave
  3901 | D:3      | Reached skill level 1 in Invocations
  3901 | D:3      | Reached XP level 7. HP: 36/52 MP: 7/7
  4013 | D:3      | Reached ** piety under Uskayaw
  4075 | D:4      | Mangled by Pikel

Skill      XL: |  1  2  3  4  5  6 |
---------------+-------------------+-----
Short Blades   | 4 5 6 7 8 |  8.3
Stealth        | 1 2 |  2.4
Fighting       | 3 |  3.3
Invocations    | 1 |  1.4
Throwing       | |  2.0
Dodging        | |  4.0

Action                   |  1- 3 |  4- 6 |  7- 9 || total
-------------------------+-------+-------+-------++-------
Melee: Rapier            |   117 |   188 |       ||   305
       Dagger            |       |   135 |    19 ||   154
Throw: Throwing net      |       |     1 |       ||     1
Invok: Line Pass         |       |       |     1 ||     1
Evoke: Wand              |       |       |     1 ||     1
 Stab: Distracted        |       |     2 |       ||     2
       Sleeping          |       |     2 |       ||     2
  Eat: Chunk             |     1 |     9 |       ||    10
Armor: Leather armour    |    16 |       |       ||    16
       Ring mail         |     6 |    91 |     3 ||   100
Dodge: Dodged            |   106 |   169 |     4 ||   279
